 Dungeon Crawl Stone Soup version 0.28.0-45-g0d030f2227 (webtiles) character file.

Game seed: 17732451592918270207

76 pkoi the Insei (level 3, -2/29 HPs)
             Began as a Demigod Warper on Apr 8, 2022.
             Succumbed to an orc's poison
             ... on level 2 of the Dungeon.
             The game lasted 00:02:48 (3180 turns).

pkoi the Insei (Demigod Warper)                     Turns: 3180, Time: 00:02:49

Health: -2/29      AC:  5    Str: 12    XL:     3   Next: 89%
Magic:  8/8        EV: 11    Int: 19    God:
Gold:   56         SH:  0    Dex: 13    Spells: 5/5 levels left

rFire   . . .      SeeInvis .   j - +0 dagger (venom)
rCold   . . .      Faith    .   (no shield)
rNeg    . . .      Spirit   .   a - +0 leather armour
rPois   .          Reflect  .   (no helmet)
rElec   .          Harm     .   (no cloak)
rCorr   .          Rampage  .   (no gloves)
Will    .....                   i - +1 pair of boots
Stlth   +.........              (no amulet)
HPRegen 0.09/turn               (no ring)
MPRegen 0.11/turn               (no ring)

@: lethally poisoned (-2 -> -24)
A: high MP 1, forlorn, divine attributes
a: no special abilities


You were on level 2 of the Dungeon.
You visited 1 branch of the dungeon, and saw 2 of its levels.

You collected 56 gold pieces.

Inventory:

Hand Weapons
 d - a +0 vorpal hunting sling
 f - a +0 dagger
 j - a +0 dagger of venom (weapon)
Missiles
 c - 5 boomerangs of dispersal (quivered)
Armour
 a - a +0 leather armour (worn)
 i - a +1 pair of boots (worn)
Scrolls
 b - a scroll of blinking
 g - a scroll of immolation {unknown}
 h - a scroll of amnesia {unknown}
Potions
 e - 2 potions of curing {unknown}


   Skills:
 - Level 1.7 Fighting
 - Level 0.8 Throwing
 - Level 0.8 Armour
 - Level 1.7 Dodging
 * Level 4.0 Unarmed Combat
 - Level 1.7 Spellcasting
 - Level 2.6 Translocations


You had 5 spell levels left.
You didn't know any spells.
Your spell library contained the following spells:

 Spells                   Type           Power      Damage    Failure   Level
 Blink                    Tloc           22%        N/A       11%         2
 Gell's Gravitas          Tloc           11%        N/A       22%         3
 Lesser Beckoning         Tloc           11%        N/A       22%         3
 Teleport Other           Tloc           11%        N/A       22%         3
 Tukima's Dance           Hex            1%         N/A       54%         3
 Manifold Assault         Tloc           11%        N/A       90%         5
 Anguish                  Hex/Necr       0%         N/A       91%         4
 Enfeeble                 Hex            0%         N/A       100%        7


Dungeon Overview and Level Annotations

Branches:
Dungeon (2/15)


Innate Abilities, Weirdness & Mutations

You have an increased reservoir of magic. (+10% MP)
You shall have no god before yourself.
Your divine heritage dramatically boosts your attributes as you level up.


Message History

The orc closely misses you.
You barely miss the orc.
The orc is lightly wounded.
The orc barely misses you.
You hit the orc but do no damage.
The orc looks as sick as possible!
The orc is severely wounded.
The orc barely misses you.
You hit the orc but do no damage.
The orc is almost dead.
You kill the orc!
You hit the orc but do no damage.
The orc is poisoned.
An orc comes into view. It is wielding a +0 hand axe.
The orc hits you with a +0 dagger.
* * * LOW HITPOINT WARNING * * *
You hit the orc.
The orc looks even sicker.
The orc is heavily wounded.
The orc barely misses you.
You hit the orc but do no damage.
The orc looks as sick as possible!
The orc is severely wounded.
You kill the orc!
You completely miss the frilled lizard. The frilled lizard barely misses you.
You completely miss the frilled lizard. The frilled lizard barely misses you.
You hit the frilled lizard.
The frilled lizard is poisoned.
The frilled lizard is severely wounded.
You kill the frilled lizard!
You hit the orc but do no damage.
The orc is poisoned.
The orc hits you with a +0 mace of venom.
* * * LOW HITPOINT WARNING * * *
You are poisoned.
You hit the orc.
The orc looks as sick as possible!
The orc is heavily wounded.
You feel sick. The orc closely misses you.
You closely miss the orc.
The orc is heavily wounded.
You feel sick.
The orc hits you with a +0 mace of venom.
* * * LOW HITPOINT WARNING * * *
You are more poisoned.
Unknown command.
You die...

#................#
#.........#####.†#
#....###..# #..#
##.#.###..#####..#
#.#.............#
#.######.........
#.# ######.##
###.## #.# #.@#.#
#.## #.#.##
#####.## #o###
#....... #o#####
###.###.## #o#...
....###.##
#.#l#####..........
#....o.o..######.##
##.#.##### #.# .##
.. #.#


You could see an orc wizard and 2 orcs.

Vanquished Creatures
  Robin (D:1)
  An adder (D:2)
  2 dart slugs (D:1)
  2 orcs (D:2)
  4 ball pythons
  2 endoplasms (D:1)
  3 giant cockroaches
  6 hobgoblins
  4 jackals (D:1)
  5 bats (D:1)
  3 frilled lizards (D:2)
  7 goblins
  5 kobolds (D:2)
  A rat (D:1)
46 creatures vanquished.

Notes
Turn   | Place    | Note
-------+----------+-------------------------------------------
     0 | D:1      | pkoi the Demigod Warper began the quest for the Orb.
     0 | D:1      | Reached XP level 1. HP: 17/17 MP: 5/5
     0 | D:1      | Noticed an orb of fire
     1 | D:1      | Noticed an ice dragon
     3 | D:1      | Noticed a red draconian
     4 | D:1      | Noticed a shadow dragon
     4 | D:1      | Noticed an ice dragon
     6 | D:1      | Noticed a black draconian
     8 | D:1      | Noticed a tentacled monstrosity
     9 | D:1      | Noticed a shadow dragon
    10 | D:1      | Noticed an ice dragon
    12 | D:1      | Noticed a white draconian
    14 | D:1      | Noticed an orb of fire
    16 | D:1      | Noticed an ice dragon
    18 | D:1      | Noticed a tentacled monstrosity
    18 | D:1      | Noticed an ice dragon
    20 | D:1      | Noticed an ice dragon
    20 | D:1      | Noticed a green draconian
    22 | D:1      | Noticed a shadow dragon
   130 | D:1      | Reached skill level 2 in Unarmed Combat
   314 | D:1      | Reached XP level 2. HP: 24/24 MP: 7/7
   835 | D:1      | Reached skill level 3 in Unarmed Combat
  1954 | D:2      | Reached XP level 3. HP: 27/29 MP: 8/8
  2396 | D:2      | Noticed Robin
  2437 | D:1      | HP: 1/29 [goblin/+0 dagger[Robin] (5)]
  2759 | D:1      | Killed Robin
  3114 | D:2      | Reached skill level 4 in Unarmed Combat
  3180 | D:2      | Succumbed to an orc's poison

Illustrated notes

Levels and vault maps discovered:
D:1:      shiori_arrival_whats_in_store_for_you, layout_loops_ring,
          ebering_ecumenical_altar_mist, chequers_serial_rivers_micro_c,
          minivault_19
D:2:      layout_loops_ring, basic_altar, chequers_garden, uniq_robin

Skill      XL: |  1  2  3 |
---------------+----------+-----
Unarmed Combat | 2 3 4 |  4.0
Fighting       | |  1.7
Throwing       | |  0.8
Armour         | |  0.8
Dodging        | |  1.7
Spellcasting   | |  1.7
Translocations | |  2.6

Action                   || total
-------------------------++-------
Melee: Dagger            ||   231
       Unarmed           ||    18
       Punch             ||     8
  Use: Scroll            ||     1
 Stab: Sleeping          ||     1
Armor: Leather armour    ||    79
Dodge: Dodged            ||   148
